[ AOE2 MATCH · #493864460 ]
UnrankedGeorgians vs Byzantines
Player's team · WIN
[ REPLAY ANALYSIS · EXTRACTED FROM THE RECORDED GAME ]
Feudal
8:25
Castle
—
Imperial
—
| APM avg | 66.0 |
| APM peak | 99 |
| eAPM avg | 25.1 |
| Villagers / military | 27 / 4 |
Focus
⚔️ 34.4% · 🌾 65.6%
Scout Cavalry ×3 · Archer ×1
Feudal
8:26
Castle
—
Imperial
—
| APM avg | 73.9 |
| APM peak | 98 |
| eAPM avg | 34.7 |
| Villagers / military | 31 / 8 |
Focus
⚔️ 51.9% · 🌾 48.1%
Spearman ×5 · Skirmisher ×3
Match map
Initial resources + every placement click. Lines = walls · curves = elevation contours. ◆ gold · ⬟ stone · ● berries · ✦ relic · ◌ wall gap
Your base· Open — 15t gap
CNZS_MING's base· Open — unwalled flank
Smoothed initial terrain · ◌ = detected wall gap · hover for details
Inputs per minute
— [CL] Yomi - - CNZS_MING
Build order — [CL] Yomi
55 actions detected in the replay
| 0:00 | Create | Villager (Male) |
| 0:00 | Create | Villager (Male) |
| 0:02 | Build | House |
| 0:02 | Build | House |
| 0:44 | Create | Villager (Male) |
| 0:54 | Create | Villager (Male) |
| 1:30 | Create | Villager (Male) |
| 1:58 | Create | Villager (Male) |
| 1:58 | Create | Villager (Male) |
| 2:51 | Create | Villager (Male) |
| 2:52 | Create | Villager (Male) |
| 3:20 | Create | Villager (Male) |
| 3:20 | Create | Villager (Male) |
| 3:32 | Build | House |
| 3:41 | Create | Villager (Male) |
| 4:13 | Build | Mill |
| 4:16 | Build | Mill |
| 4:59 | Create | Villager (Male) |
| 5:10 | Create | Villager (Male) |
| 5:10 | Create | Villager (Male) |
| 5:16 | Research | Loom |
| 6:12 | Research | Feudal Age |
| 6:12 | Research | Feudal Age |
| 7:01 | Build | House |
| 7:58 | Build | Barracks |
| 8:06 | Create | Villager (Male) |
| 8:25 | Age | Feudal Age |
| 8:30 | Research | Double-Bit Axe |
| 8:46 | Build | Stable |
| 8:48 | Create | Villager (Male) |
| 9:12 | Create | Villager (Male) |
| 9:24 | Research | Horse Collar |
| 9:28 | Build | House |
| 9:31 | Build | House |
| 9:33 | Create | Villager (Male) |
| 9:36 | Create | Scout Cavalry |
| 9:36 | Create | Scout Cavalry |
| 10:10 | Create | Scout Cavalry |
| 10:18 | Create | Villager (Male) |
| 10:29 | Build | House |
| 10:36 | Build | House |
| 10:41 | Create | Villager (Male) |
| 10:52 | Build | Archery Range |
| 10:56 | Create | Villager (Male) |
| 11:03 | Build | Watch Tower |
| 11:09 | Create | Villager (Male) |
| 11:48 | Create | Archer |
| 12:04 | Create | Villager (Male) |
| 12:10 | Build | Farm |
| 12:12 | Build | Farm |
| 12:18 | Create | Villager (Male) |
| 12:34 | Build | Farm |
| 12:36 | Create | Villager (Male) |
| 12:55 | Create | Villager (Male) |
| 12:57 | Build | Farm |
Build order — CNZS_MING
79 actions detected in the replay
| 0:00 | Create | Villager (Male) |
| 0:01 | Build | House |
| 0:02 | Build | House |
| 0:09 | Create | Villager (Male) |
| 0:09 | Create | Villager (Male) |
| 0:09 | Create | Villager (Male) |
| 0:09 | Create | Villager (Male) |
| 1:23 | Create | Villager (Male) |
| 1:23 | Create | Villager (Male) |
| 1:49 | Create | Villager (Male) |
| 2:15 | Create | Villager (Male) |
| 2:15 | Create | Villager (Male) |
| 2:21 | Build | Lumber Camp |
| 2:44 | Create | Villager (Male) |
| 3:02 | Create | Villager (Male) |
| 3:02 | Create | Villager (Male) |
| 3:21 | Create | Villager (Male) |
| 3:21 | Create | Villager (Male) |
| 3:47 | Create | Villager (Male) |
| 3:54 | Create | Villager (Male) |
| 3:57 | Build | House |
| 4:05 | Build | House |
| 4:25 | Create | Villager (Male) |
| 4:44 | Create | Villager (Male) |
| 4:45 | Research | Loom |
| 4:49 | Build | Mill |
| 6:12 | Research | Feudal Age |
| 7:03 | Create | Villager (Male) |
| 7:19 | Build | House |
| 8:01 | Build | Barracks |
| 8:26 | Age | Feudal Age |
| 8:30 | Build | Palisade Wall |
| 8:31 | Build | Palisade Wall |
| 8:33 | Research | Double-Bit Axe |
| 8:36 | Create | Spearman |
| 8:43 | Create | Villager (Male) |
| 9:01 | Create | Villager (Male) |
| 9:02 | Create | Spearman |
| 9:05 | Build | House |
| 9:17 | Build | Archery Range |
| 9:31 | Create | Villager (Male) |
| 9:50 | Create | Villager (Male) |
| 9:51 | Create | Skirmisher |
| 10:00 | Create | Skirmisher |
| 10:01 | Create | Villager (Male) |
| 10:10 | Create | Villager (Male) |
| 10:22 | Create | Spearman |
| 10:30 | Build | Watch Tower |
| 10:32 | Create | Villager (Male) |
| 10:34 | Build | House |
| 10:40 | Create | Skirmisher |
| 10:55 | Build | Watch Tower |
| 10:58 | Create | Villager (Male) |
| 11:01 | Build | House |
| 11:31 | Build | Watch Tower |
| 11:32 | Create | Villager (Male) |
| 11:37 | Create | Spearman |
| 11:48 | Build | Farm |
| 11:57 | Create | Spearman |
| 12:06 | Research | Horse Collar |
| 12:06 | Research | Horse Collar |
| 12:09 | Build | Farm |
| 12:11 | Create | Villager (Male) |
| 12:17 | Build | House |
| 12:19 | Build | Palisade Wall |
| 12:20 | Build | House |
| 12:29 | Build | Palisade Wall |
| 12:30 | Build | Palisade Wall |
| 12:31 | Build | Palisade Wall |
| 12:31 | Build | Palisade Wall |
| 12:34 | Build | Palisade Wall |
| 12:36 | Build | Palisade Wall |
| 12:37 | Build | Palisade Wall |
| 12:39 | Build | Palisade Wall |
| 12:41 | Build | Palisade Wall |
| 12:42 | Build | Palisade Wall |
| 12:49 | Build | Farm |
| 12:49 | Build | Farm |
| 12:56 | Create | Villager (Male) |
Match timeline
| 7:58 | [CL] Yomi · first_building Barracks |
| 8:01 | CNZS_MING · first_building Barracks |
| 8:25 | [CL] Yomi · age_up feudal |
| 8:26 | CNZS_MING · age_up feudal |
| 8:30 | CNZS_MING · wall_segment Palisade Wall x1 |
| 8:31 | CNZS_MING · wall_segment Palisade Wall x1 |
| 8:46 | [CL] Yomi · first_building Stable |
| 9:17 | CNZS_MING · first_building Archery Range |
| 10:52 | [CL] Yomi · first_building Archery Range |
| 12:19 | CNZS_MING · wall_segment Palisade Wall x1 |
| 12:29 | CNZS_MING · wall_segment Palisade Wall x1 |
| 12:30 | CNZS_MING · wall_segment Palisade Wall x1 |
| 12:31 | CNZS_MING · wall_segment Palisade Wall x1 |
| 12:31 | CNZS_MING · wall_segment Palisade Wall x1 |
| 12:34 | CNZS_MING · wall_segment Palisade Wall x1 |
| 12:36 | CNZS_MING · wall_segment Palisade Wall x1 |
| 12:37 | CNZS_MING · wall_segment Palisade Wall x1 |
| 12:39 | CNZS_MING · wall_segment Palisade Wall x1 |
| 12:41 | CNZS_MING · wall_segment Palisade Wall x1 |
| 12:42 | CNZS_MING · wall_segment Palisade Wall x1 |
| 13:05 | CNZS_MING · resign |
[ AI ANALYSIS · 1 CREDIT ]
What really happened in this match?
Wolo.gg analyzes every decision: build order, eco, micro, common mistakes by bracket. Personalized analysis on WhatsApp or Discord in 30 seconds.
Civ guide
Georgians
Perfil
Jugador #14119237